 Dungeon Sprint DCSS version 0.23.2 (webtiles) character file.

Game seed: 50641897366985446

3273 1492 the Brawler (level 9, 0/102 HPs)
             Began as a Troll Berserker on Apr 6, 2019.
             Was a Priest of Trog.
             Slain by a crystal guardian (29 damage)
             ... in the Dungeon (Sprint II: "The Violet Keep of Menkaure").
             The game lasted 00:06:43 (750 turns).

1492 the Brawler (Troll Berserker)                   Turns: 750, Time: 00:06:44

Health: 0/102      AC:  8    Str: 30    XL:     9   Next: 68%
Magic:  8/8        EV:  9    Int:  3    God:    Trog [***...]
Gold:   280        SH:  0    Dex:  9    Spells: 8/8 levels left

rFire    . . .     SeeInvis .     - Unarmed
rCold    . . .     Gourm    +   i - +0 shield
rNeg     . . .     Faith    .   j - +1 robe {MR+}
rPois    .         Spirit   .   a - +1 hat
rElec    .         Reflect  .   (no cloak)
rCorr    .         Harm     .   (gloves unavailable)
MR       +....     NoTele   +   (boots unavailable)
Stlth    +.........             (no amulet)
HPRegen  0.67/turn              (no ring)
MPRegen  0.11/turn              (no ring)

@: confused, lethally poisoned (0 -> -2), berserk cooldown, slowed, very slow
A: large, unfitting armour, claws 3, fast metabolism 3, gourmand, regeneration
1, shaggy fur 1, tough skin 3
a: Berserk, Trog's Hand, Renounce Religion


You were in the Dungeon.
You worshipped Trog.
Trog was most pleased with you.
You were not hungry.

You visited 1 branch You collected 1239 gold pieces.
You spent 959 gold pieces at shops.

Inventory:

Missiles
 n - 3 bolts
 q - 181 stones (quivered)
 r - 33 sling bullets
 A - 14 arrows
 C - 10 poisoned needles
Armour
 a - a +1 hat (worn)
   (You bought it in a shop in the Dungeon)
 i - a +0 shield (worn)
   (You bought it in a shop in the Dungeon)
 j - a +1 robe of magic resistance (worn)
   (You bought it in a shop in the Dungeon)
Jewellery
 o - an uncursed ring of fire {unknown}
   (You found it in the Dungeon)
 B - an uncursed ring of resist corrosion {unknown}
   (You found it in the Dungeon)
Scrolls
 h - 5 scrolls of blinking {@r0}
 l - a scroll of fog {@r4}
 t - 4 scrolls of remove curse {@r2}
 w - a scroll of enchant weapon
 y - a scroll of magic mapping {unknown}
 z - a scroll of fear {unknown}
Potions
 c - 3 potions of curing {@q1}
 d - 3 potions of heal wounds {@q2}
 e - 2 potions of haste {!q@q5}
 f - 5 potions of magic
 g - a potion of berserk rage {!q}
 k - a potion of lignification
 m - 2 potions of agility {@q4}
 p - a potion of cancellation {unknown}
 s - 4 potions of resistance {unknown}
 x - 4 potions of flight {unknown}
Comestibles
 b - 6 rations {!d}


   Skills:
 + Level 10.7 Fighting
 - Level 2.4 Dodging
 + Level 6.3 Shields
 * Level 16.5 Unarmed Combat


You had 8 spell levels left.
You didn't know any spells.
Your spell library was empty.

Dungeon Overview and Level Annotations

Branches:
Dungeon (1/1)

Altars:
Cheibriados
Dithmenos
Elyvilon
Fedhas
Gozag
Hepliaklqana
Kikubaaqudgha
Makhleb
Nemelex Xobeh
Okawaru
Qazlal
Ru
Sif Muna
Trog
Uskayaw
Vehumet
Wu Jian
Xom
Yredelemnul
Zin
The Shining One
Beogh
Jiyva
Lugonu

Shops:
D :[[%!=!(?!}:=??[

Annotations:
D exclusions: ice statue and oklob plant, Roxanne


Innate Abilities, Weirdness & Mutations

You are too large for most types of armour.
You have claws for hands.
Your metabolism is lightning-fast.
You like to eat raw meat.
Your natural rate of healing is unusually fast.
You are covered in fur. (AC +1)
You have extremely tough skin. (AC +3)


Message History

q - 148 stones (gained 28)
You see here a mace.
b - 7 rations {!d} (gained 1)
q - 158 stones (gained 10)
t - 5 scrolls labeled EMAPPOS SACKI (gained 1)
v - 3 scrolls labeled LYECAI POMUDULI (gained 1)
h - 5 scrolls of blinking {@r0} (gained 1)
q - 181 stones (gained 23)
You now have 280 gold pieces (gained 13).
r - 33 sling bullets (gained 11)
You see here a club.
There is an open door here.
You enter the shallow water.
Moving in this stuff is going to be slow.
Key pressed, stopping explore.
Unknown command.
Unknown command.
As you read the scroll labeled EMAPPOS SACKI, it crumbles to dust.
You feel blessed for a moment.
It was a scroll of remove curse.
As you read the scroll labeled LYECAI POMUDULI, it crumbles to dust.
It is a scroll of identify.
m - 2 potions of agility
As you read the scroll of identify {@r1}, it crumbles to dust.
u - a scroll of random uselessness
As you read the scroll of identify {@r1}, it crumbles to dust.
w - a scroll of enchant weapon Drop what? 28/52 slots (_ for help) (? for menu, Esc to quit)
You drop a scroll of random uselessness.
A swamp drake and a death drake come into view.
The death drake hisses angrily.
The swamp drake roars!
A crystal guardian comes into view.
The death drake moves out of view.
A swamp drake comes into view.
You are feeling very hungry.
The swamp drake roars!
You hear an angry hiss.
The swamp drake moves out of view.
A death drake comes into view.
You closely miss the swamp drake.
The swamp drake bites you but does no damage.
There is an open door, spattered with blood here.
Unknown command.
Your ogre goes berserk!
You feel quite a bit more hungry.
You can no longer call in reinforcements.
You block the swamp drake's attack.
A red film seems to cover your vision as you go berserk!
You feel yourself moving faster!
You feel mighty!
You are starving!
The swamp drake breathes noxious fumes at you.
The noxious blast engulfs the death drake but does no damage.
The crystal guardian fires a crystalline bolt at you.
The crystal bolt freezes you!! The swamp drake barely misses you.
You are too hungry to fight recklessly!
You eviscerate the crystal guardian!!!
The crystal guardian is heavily damaged.
You are engulfed in noxious fumes.
You choke on the stench!
You are confused.
Your ogre barely misses the swamp drake.
The crystal guardian hits you!!
Damage: -15%(-23hp) hp: 68%(103hp) Are you sure you want to stumble around while confused and next to your ogre?
Okay, then.
Are you sure you want to stumble around while confused and next to your ogre?
Okay, then.
Are you sure you want to stumble around while confused and next to your ogre?
Okay, then.
You eat one of the 7 rations {!d}.
That ration really hit the spot!
You are engulfed in noxious fumes.
Your ogre barely misses the death drake.
The crystal guardian closely misses you.
Unknown command.
Unknown command.
You are too berserk!
Are you sure you want to stumble around while confused and next to your ogre?
Okay, then.
You feel a strong urge to attack something.
You are engulfed in noxious fumes.
Damage: -1%(-1hp) hp: 67%(102hp) Unknown command.
You are engulfed in noxious fumes.
You choke on the stench!
You are more confused.
Your ogre barely misses the death drake.
The crystal guardian fires a crystalline bolt at you.
The crystal bolt freezes you!!!
* * * LOW HITPOINT WARNING * * *
The death drake breathes miasma at you. The foul vapour engulfs you!
You are poisoned.
* * * LOW HITPOINT WARNING * * *
Huge Dmg: -38%(-58hp) hp: 29%(44hp) Unknown command.
You feel your anger nearly subside.
You are no longer berserk.
You are exhausted.
You feel yourself slow down.
You feel sick.
Your ogre is engulfed in dark miasma.
Your ogre is poisoned.
Your ogre seems to slow down.
Your ogre closely misses the death drake.
The death drake bites you but does no damage.
The crystal guardian hits you!!
You die...

≈≈§≈§§≈≈≈ #...▓▓▓▓▓▓▓▓▓▓ # §§§§≈
.^. #○°.▓≈≈§≈§§§§▓ #+++#+++## ...
##[)▓▓▓▓▓▓▓▓▓▓ .........# ..
.#:°▓........▓ ≈.##+##..# #.
.#)"▓...[....▓ ≈##...##÷####
+.##.#:}▓).......▓ ≈#..#..#....#
kk.####▓.......[▓
###.#.####..#####8.# .#▓........▓
.###'###.##..#○○@kk# .#▓...).[..▓
..##.##...#..#○○#O○# .#▓.....[.)▓
##'.<.'##.'..####○○##.#▓....)...▓
..##.##.###...§###^○?##▓▓▓▓▓▓▓'▓▓
.###'###.##..§§.§≈≈)≈≈≈≈≈≈≈≈≈≈...
###...####≈≈.§.§.≈#'########+###.
≈#..#).#≈≈≈≈≈≈≈§§≈#_._.....#t≈≈##
≈##...##≈≈≈≈≈≈≈§.≈#._._....#t§≈≈#
≈≈##+##≈≈≈≈≈≈≈§≈≈≈#_._._...#§§§§≈


You could see 2 death drakes, a crystal guardian, a swamp drake and a friendly
ogre (berserk).

Vanquished Creatures
  A kraken (D)
  A merfolk siren (D)
  2 spiny frogs (D)
  4 necrophages (D)
  A crocodile (D)
  A scorpion (D)
  4 worker ants (D)
  3 worms (D)
  3 tentacles (D)
20 creatures vanquished.

Vanquished Creatures (collateral kills)
  A yaktaur (D)
  3 polar bears (D)
  A hornet (D)
  3 tentacles (D)
8 creatures vanquished.

Vanquished Creatures (others)
  Menkaure (D)
  A crocodile (D)
  19 tentacles (D)
21 creatures vanquished.

Grand Total: 49 creatures vanquished

Notes
Turn   | Place    | Note
-------+----------+-------------------------------------------
     0 | D        | 1492 the Troll Berserker began the quest for the Orb.
     0 | D        | Reached XP level 1. HP: 22/22 MP: 0/0
     1 | D        | Noticed a worker ant
     1 | D        | Noticed a worker ant
     1 | D        | Noticed a worker ant
     1 | D        | Noticed a worker ant
     6 | D        | Killed a worker ant
     6 | D        | Reached skill level 5 in Unarmed Combat
     6 | D        | Reached XP level 2. HP: 31/31 MP: 1/1
     9 | D        | Reached skill level 6 in Unarmed Combat
     9 | D        | Reached XP level 3. HP: 39/39 MP: 2/2
    11 | D        | Reached ** piety under Trog
    11 | D        | Reached skill level 7 in Unarmed Combat
    11 | D        | Reached XP level 4. HP: 49/49 MP: 3/3
    56 | D        | Noticed a necrophage
    56 | D        | Noticed a necrophage
    56 | D        | Noticed a necrophage
    56 | D        | Noticed a necrophage
    61 | D        | Killed a necrophage
    61 | D        | Reached skill level 5 in Fighting
    61 | D        | Reached skill level 9 in Unarmed Combat
    61 | D        | Reached XP level 5. HP: 59/59 MP: 4/4
    63 | D        | Killed a necrophage
    63 | D        | Reached skill level 10 in Unarmed Combat
    69 | D        | Killed a necrophage
    69 | D        | Reached *** piety under Trog
    69 | D        | Reached skill level 11 in Unarmed Combat
    69 | D        | Reached XP level 6. HP: 71/71 MP: 5/5
    74 | D        | Killed Menkaure
   113 | D        | Reached **** piety under Trog
   132 | D        | Noticed a merfolk siren
   139 | D        | Killed a merfolk siren
   139 | D        | Reached skill level 13 in Unarmed Combat
   139 | D        | Reached XP level 7. HP: 81/81 MP: 6/6
   164 | D        | Noticed an orange crystal statue
   185 | D        | Found Ytzuetea's Magic Scroll Shop.
   185 | D        | Found Putasik's Magic Scroll Boutique.
   186 | D        | Found Lenebue's Gadget Shop.
   186 | D        | Found Kegecixzyf's Book Shop.
   186 | D        | Found Qyaps's Antique Armour Shop.
   186 | D        | Found Guv Fatt's Jewellery Boutique.
   187 | D        | Found Jool Vea's Antique Weapon Shop.
   187 | D        | Found Dydwun's Distillery.
   187 | D        | Found Wiuhaq's Magic Scroll Boutique.
   187 | D        | Found Hise's Distillery.
   188 | D        | Found Miosch's Distillery.
   188 | D        | Found Rimo's Food Boutique.
   188 | D        | Found Umanlul's Jewellery Boutique.
   189 | D        | Found Teabug's Antique Armour Shop.
   189 | D        | Found Wenumiro's Antique Armour Boutique.
   189 | D        | Noticed a hippogriff
   189 | D        | Noticed a hippogriff
   194 | D        | Noticed a hippogriff
   194 | D        | Noticed an oklob plant
   195 | D        | Found Rymmiak's Book Shoppe.
   199 | D        | Noticed a fire dragon
   234 | D        | Bought a shield for 76 gold pieces
   239 | D        | Bought a runed robe for 62 gold pieces
   255 | D        | Bought a runed hat for 175 gold pieces
   261 | D        | Bought a potion of haste for 130 gold pieces
   261 | D        | Bought a potion of curing for 39 gold pieces
   261 | D        | Bought a potion of lignification for 39 gold pieces
   261 | D        | Bought a potion of curing for 39 gold pieces
   261 | D        | Bought a potion of heal wounds for 65 gold pieces
   261 | D        | Bought a potion of heal wounds for 65 gold pieces
   262 | D        | Bought 3 scrolls of blinking for 247 gold pieces
   262 | D        | Bought a scroll of fog for 22 gold pieces
   271 | D        | Reached ***** piety under Trog
   280 | D        | Identified Roxanne's Catalogue of Transmigration
   280 | D        | Noticed Roxanne
   293 | D        | Found an iron altar of Okawaru.
   293 | D        | Found a radiant altar of Vehumet.
   293 | D        | Found a glowing silver altar of Zin.
   294 | D        | Found a sparkling altar of Nemelex Xobeh.
   294 | D        | Found a hide-covered altar of Uskayaw.
   294 | D        | Found a basalt altar of Yredelemnul.
   295 | D        | Found an opulent altar of Gozag.
   295 | D        | Found a burning altar of Makhleb.
   295 | D        | Found a bloodstained altar of Trog.
   296 | D        | Found a blossoming altar of Fedhas.
   296 | D        | Found a corrupted altar of Lugonu.
   296 | D        | Found a deep blue altar of Sif Muna.
   297 | D        | Found a white marble altar of Elyvilon.
   297 | D        | Found an ancient bone altar of Kikubaaqudgha.
   298 | D        | Found a shadowy altar of Dithmenos.
   298 | D        | Found a viscous altar of Jiyva.
   299 | D        | Found a snail-covered altar of Cheibriados.
   317 | D        | Noticed a spiny frog
   317 | D        | Noticed a spiny frog
   320 | D        | Killed a spiny frog
   320 | D        | Reached skill level 14 in Unarmed Combat
   320 | D        | Reached XP level 8. HP: 92/92 MP: 7/7
   321 | D        | Killed a spiny frog
   334 | D        | Found a roughly hewn altar of Beogh.
   334 | D        | Noticed a polar bear
   334 | D        | Noticed a polar bear
   334 | D        | Noticed a polar bear
   335 | D        | Noticed a hornet
   336 | D        | Found a shimmering altar of Xom.
   336 | D        | Found a sacrificial altar of Ru.
   336 | D        | Found a hazy altar of Hepliaklqana.
   336 | D        | Noticed a yaktaur
   337 | D        | Found a glowing golden altar of the Shining One.
   337 | D        | Found an ornate altar of the Wu Jian Council.
   337 | D        | Found a stormy altar of Qazlal.
   342 | D        | Killed a polar bear
   344 | D        | Killed a polar bear
   344 | D        | Reached skill level 15 in Unarmed Combat
   345 | D        | Killed a hornet
   346 | D        | Killed a polar bear
   346 | D        | HP: 29/93 [yaktaur/bolt (23)]
   347 | D        | Killed a yaktaur
   347 | D        | Reached XP level 9. HP: 32/101 MP: 8/8
   366 | D        | Noticed an ice statue
   462 | D        | Noticed a kraken
   473 | D        | HP: 25/101 [tentacle[a kraken] (26)]
   591 | D        | Killed a kraken
   591 | D        | Reached skill level 10 in Fighting
   591 | D        | Reached skill level 16 in Unarmed Combat
   739 | D        | Noticed a death drake
   739 | D        | Noticed a crystal guardian
   741 | D        | Noticed a death drake
   749 | D        | HP: 57/153 [crystal guardian/crystal bolt (44)]
   750 | D        | Slain by a crystal guardian

Skill      XL: |  1  2  3  4  5  6  7  8  9 |
---------------+----------------------------+-----
Fighting       | 3 4 5 7 8 9 10 | 10.7
Unarmed Combat | 5 6 7 9 11 13 14 15 16 | 16.5
Shields        | 2 4 6 |  6.3
Dodging        | |  2.4

Action                   |  1- 3 |  4- 6 |  7- 9 || total
-------------------------+-------+-------+-------++-------
Melee: Unarmed           |     7 |    25 |    33 ||    65
Invok: Berserk           |     1 |     1 |     4 ||     6
       Brothers in Arms  |       |       |     4 ||     4
  Use: Scroll            |       |       |     4 ||     4
  Eat: Chunk             |       |     3 |     7 ||    10
       Ration            |       |       |     1 ||     1
Armor: Animal skin       |     2 |     1 |       ||     3
       Robe              |       |       |    18 ||    18
Dodge: Dodged            |     2 |     5 |    21 ||    28
Block: Shield            |       |       |    24 ||    24
